EL
SAN JOSE GIANTS @ PENSACOLA BLUE WAHOOS
07/12/2048
 
TOP OF THE 1ST
San Jose Giants batting - Pitching for Pensacola Blue Wahoos : LHP Dave Schmidt
Pitching: LHP Dave Schmidt
Batting: RHB Edwin Verdugo 0-0: Ball
1-0: Called Strike
1-1: Ball
2-1: Ball
3-1: Called Strike
3-2: Base on Balls
Batting: RHB Cesar Martinez 0-0: Ball
1-0: Called Strike
1-1: Foul Ball, location: 2F
1-2: Ball
2-2: Strikes out swinging
Batting: RHB Zach Maguire 0-0: Ball
1-0: Ball
2-0: Called Strike
Edwin Verdugo steals 2nd base
2-1: Foul Ball, location: 2F
2-2: Ground out 1-3 (Groundball, P, EV 65.0 MPH)
Edwin Verdugo to third
Batting: RHB Coen Dirks 0-0: SINGLE (Groundball, 56, EV 95.0 MPH)
Edwin Verdugo scores
Batting: RHB Bob Schweiger 0-0: Ball
1-0: Swinging Strike
1-1: Ball
Coen Dirks is caught stealing 2nd base 2-4
Top of the 1st over - 1 run, 1 hit, 0 errors, 0 left on base; San Jose 1 - Pensacola 0
BOTTOM OF THE 1ST
Pensacola Blue Wahoos batting - Pitching for San Jose Giants : LHP Jordan Ruiz
Pitching: LHP Jordan Ruiz
Batting: RHB Tony Casas 0-0: Foul Ball, location: 2F
0-1: Ball
1-1: Called Strike
1-2: Ball
2-2: Strikes out swinging
Batting: LHB Phil Lomax 0-0: Ball
1-0: Ground out U3 (Groundball, 3L, EV 95.6 MPH)
Batting: RHB Dave Ruiz 0-0: Ball
1-0: Ball
2-0: Ball
3-0: Called Strike
3-1: Ground out 6-3 (Groundball, 6, EV 92.5 MPH)
Bottom of the 1st over - 0 runs, 0 hits, 0 errors, 0 left on base; San Jose 1 - Pensacola 0
TOP OF THE 2ND
San Jose Giants batting - Pitching for Pensacola Blue Wahoos : LHP Dave Schmidt
Batting: RHB Bob Schweiger 0-0: Called Strike
0-1: Called Strike
0-2: Ball
1-2: Ball
2-2: Ball
3-2: Strikes out looking
Batting: LHB Mike Roberts 0-0: Foul Ball, location: 2F
0-1: Swinging Strike
0-2: SINGLE (Flyball, 8LS, EV 90.0 MPH)
Batting: RHB Gary Sampson 0-0: Ball
1-0: Ball
2-0: Ball
3-0: Called Strike
3-1: Swinging Strike
3-2: Strikes out swinging
Batting: LHB Gil Caraveo 0-0: SINGLE (Line Drive, 8LS, EV 108.8 MPH)
Mike Roberts to second
Batting: LHB Joe Hoover 0-0: Ball
1-0: Ground out 4-3 (Groundball, 4, EV 109.4 MPH)
Top of the 2nd over - 0 runs, 2 hits, 0 errors, 2 left on base; San Jose 1 - Pensacola 0
BOTTOM OF THE 2ND
Pensacola Blue Wahoos batting - Pitching for San Jose Giants : LHP Jordan Ruiz
Batting: RHB Jordan Torres 0-0: Called Strike
0-1: Fly out, F8 (Flyball, 8LD, EV 98.1 MPH)
Batting: RHB Sang-ton Pak 0-0: Ground out 1-3 (Groundball, 13S, EV 73.8 MPH)
Batting: LHB Brian Snyder 0-0: Ball
1-0: Ball
2-0: Called Strike
2-1: Ground out 4-3 (Groundball, 34D, EV 104.4 MPH)
Bottom of the 2nd over - 0 runs, 0 hits, 0 errors, 0 left on base; San Jose 1 - Pensacola 0
TOP OF THE 3RD
San Jose Giants batting - Pitching for Pensacola Blue Wahoos : LHP Dave Schmidt
Batting: RHB Edwin Verdugo 0-0: Ground out 5-3 (Groundball, 5S, EV 68.8 MPH)
Batting: RHB Cesar Martinez 0-0: Ball
1-0: Called Strike
1-1: Swinging Strike
1-2: Ball
2-2: Ground out 3-1 (Groundball, 34, EV 81.9 MPH)
Batting: RHB Zach Maguire 0-0: Called Strike
0-1: Swinging Strike
0-2: Foul Ball, location: 2F
0-2: Strikes out swinging
Top of the 3rd over - 0 runs, 0 hits, 0 errors, 0 left on base; San Jose 1 - Pensacola 0
BOTTOM OF THE 3RD
Pensacola Blue Wahoos batting - Pitching for San Jose Giants : LHP Jordan Ruiz
Batting: RHB Joe Kooyers 0-0: Ball
1-0: Ball
2-0: Ball
3-0: Base on Balls
Batting: RHB Matt Silva 0-0: Ball
1-0: SINGLE (Groundball, 13S, EV 65.0 MPH) (infield hit)
Joe Kooyers to second
Batting: RHB Pat Mage 0-0: Ball
1-0: Fielders Choice at 2nd, 3-6 (Groundball, 3, EV 90.6 MPH)
Joe Kooyers to third
Batting: RHB Tony Casas 0-0: Ball
1-0: Ball
2-0: Ball
3-0: Called Strike
3-1: Foul Ball, location: 2F
3-2: Strikes out swinging
Batting: LHB Phil Lomax 0-0: Ball
1-0: Ball
2-0: Ball
3-0: Called Strike
3-1: SINGLE (Groundball, 4M, EV 107.5 MPH) (infield hit)
Joe Kooyers scores
Pat Mage to second
Batting: RHB Dave Ruiz 0-0: Foul Ball, location: 2F
0-1: Ball
1-1: 3-RUN HOME RUN (Flyball, 78XD, EV 100.6 MPH), Distance : 397 ft
Batting: RHB Jordan Torres 0-0: Ball
1-0: Called Strike
1-1: Foul Ball, location: 2F
1-2: Strikes out swinging
Bottom of the 3rd over - 4 runs, 3 hits, 0 errors, 0 left on base; San Jose 1 - Pensacola 4
TOP OF THE 4TH
San Jose Giants batting - Pitching for Pensacola Blue Wahoos : LHP Dave Schmidt
Batting: RHB Coen Dirks 0-0: Ground out 3-1 (Groundball, 34S, EV 89.4 MPH)
Batting: RHB Bob Schweiger 0-0: Ball
1-0: Foul Ball, location: 2F
1-1: Called Strike
1-2: Ball
2-2: Strikes out swinging
Batting: LHB Mike Roberts 0-0: Called Strike
0-1: Ball
1-1: Ground out 1-3 (Groundball, 13, EV 61.9 MPH)
Top of the 4th over - 0 runs, 0 hits, 0 errors, 0 left on base; San Jose 1 - Pensacola 4
BOTTOM OF THE 4TH
Pensacola Blue Wahoos batting - Pitching for San Jose Giants : LHP Jordan Ruiz
Batting: RHB Sang-ton Pak 0-0: SINGLE (Line Drive, 6D, EV 96.2 MPH)
Batting: LHB Brian Snyder 0-0: Grounds into double play, 4-6-3 (Groundball, 34D, EV 106.2 MPH)
Batting: RHB Joe Kooyers 0-0: Ball
1-0: Ball
2-0: Ball
3-0: Base on Balls
Batting: RHB Matt Silva 0-0: SINGLE (Groundball, 56D, EV 96.2 MPH)
Joe Kooyers to second
Batting: RHB Pat Mage 0-0: SINGLE (Groundball, 4S, EV 64.4 MPH) (infield hit)
Joe Kooyers to third
Matt Silva to second
Batting: RHB Tony Casas 0-0: Called Strike
0-1: Swinging Strike
0-2: Strikes out swinging
Bottom of the 4th over - 0 runs, 3 hits, 0 errors, 3 left on base; San Jose 1 - Pensacola 4
TOP OF THE 5TH
San Jose Giants batting - Pitching for Pensacola Blue Wahoos : LHP Dave Schmidt
Batting: RHB Gary Sampson 0-0: DOUBLE (Flyball, 8LXD, EV 100.0 MPH)
Batting: LHB Gil Caraveo 0-0: Swinging Strike
0-1: Foul Ball, location: 2F
0-2: Ball
1-2: Ball
2-2: Strikes out looking
Batting: LHB Joe Hoover 0-0: Called Strike
0-1: Swinging Strike
0-2: Ball
1-2: Strikes out swinging
Batting: RHB Edwin Verdugo 0-0: Ball
1-0: Ground out 6-3 (Groundball, 6, EV 91.9 MPH)
Top of the 5th over - 0 runs, 1 hit, 0 errors, 1 left on base; San Jose 1 - Pensacola 4
BOTTOM OF THE 5TH
Pensacola Blue Wahoos batting - Pitching for San Jose Giants : LHP Jordan Ruiz
Batting: LHB Phil Lomax 0-0: Called Strike
0-1: Foul Ball, location: 2F
0-2: SINGLE (Groundball, 25, EV 73.1 MPH) (infield hit)
Batting: RHB Dave Ruiz 0-0: Fly out, F3 (Popup, 23, EV 95.0 MPH)
Batting: RHB Jordan Torres 0-0: Called Strike
Phil Lomax steals 2nd base (no throw)
0-1: Swinging Strike
0-2: Ball
1-2: Ball
2-2: Foul Ball, location: 2F
2-2: Foul Ball, location: 2F
2-2: Ground out 3-1 (Groundball, 34D, EV 101.2 MPH)
Phil Lomax to third
Batting: RHB Sang-ton Pak 0-0: Foul Ball, location: 2F
0-1: Swinging Strike
0-2: Ball
1-2: Ground out U3 (Groundball, 34, EV 107.5 MPH)
Bottom of the 5th over - 0 runs, 1 hit, 0 errors, 1 left on base; San Jose 1 - Pensacola 4
TOP OF THE 6TH
San Jose Giants batting - Pitching for Pensacola Blue Wahoos : LHP Dave Schmidt
Batting: RHB Cesar Martinez 0-0: Called Strike
0-1: Ball
1-1: Ball
2-1: Ball
3-1: Foul Ball, location: 2F
3-2: Foul Ball, location: 2F
3-2: Foul Ball, location: 2F
3-2: Base on Balls
Batting: RHB Zach Maguire 0-0: Called Strike
Cesar Martinez steals 2nd base
0-1: Fly out, F8 (Flyball, 8LXD, EV 100.6 MPH)
Runner from 2nd tags up, SAFE at 3rd, no throw by CF
Batting: RHB Coen Dirks 0-0: Ball
1-0: Ball
2-0: Foul Ball, location: 2F
2-1: Called Strike
Steal of home, Cesar Martinez is out
2-2: Ball
3-2: SINGLE (Groundball, 56D, EV 111.2 MPH)
Batting: RHB Bob Schweiger 0-0: Ball
Coen Dirks is caught stealing 2nd base 2-4
Top of the 6th over - 0 runs, 1 hit, 0 errors, 0 left on base; San Jose 1 - Pensacola 4
BOTTOM OF THE 6TH
Pensacola Blue Wahoos batting - Pitching for San Jose Giants : LHP Jordan Ruiz
Batting: LHB Brian Snyder 0-0: Ground out U3 (Groundball, 3L, EV 99.4 MPH)
Batting: RHB Joe Kooyers 0-0: Ground out 5-3 (Groundball, 56, EV 90.6 MPH)
Batting: RHB Matt Silva 0-0: Called Strike
0-1: Called Strike
0-2: Ball
1-2: Ball
2-2: Ball
3-2: Strikes out swinging
Bottom of the 6th over - 0 runs, 0 hits, 0 errors, 0 left on base; San Jose 1 - Pensacola 4
TOP OF THE 7TH
San Jose Giants batting - Pitching for Pensacola Blue Wahoos : LHP Dave Schmidt
Batting: RHB Bob Schweiger 0-0: Ball
1-0: Swinging Strike
1-1: Ball
2-1: Foul Ball, location: 2F
2-2: DOUBLE (Groundball, 5L, EV 95.0 MPH)
Pitching: RHP Josh Pugh
Batting: LHB Mike Roberts 0-0: Ball
1-0: DOUBLE (Line Drive, 78XD, EV 99.4 MPH)
Bob Schweiger scores
Pinch Runner at 2nd Troy Trice:
Batting: RHB Gary Sampson 0-0: Ball
1-0: Ground out 4-3 (Groundball, 4, EV 86.2 MPH)
Troy Trice to third
Batting: LHB Gil Caraveo 0-0: Ball
1-0: Foul Ball, location: 2F
1-1: Foul Ball, location: 2F
1-2: Strikes out looking
Batting: LHB Joe Hoover 0-0: SINGLE (Line Drive, 34, EV 93.8 MPH)
Troy Trice scores
Batting: RHB Edwin Verdugo 0-0: Ball
Joe Hoover steals 2nd base
1-0: Ball
2-0: Fly out, F7 (Flyball, 7, EV 90.0 MPH)
Top of the 7th over - 2 runs, 3 hits, 0 errors, 1 left on base; San Jose 3 - Pensacola 4
BOTTOM OF THE 7TH
Pensacola Blue Wahoos batting - Pitching for San Jose Giants : LHP Jordan Ruiz
Now at 1B: Ruben Irizarry
Batting: RHB Pat Mage 0-0: Fly out, F8 (Flyball, 8RM, EV 84.4 MPH)
Batting: RHB Tony Casas 0-0: Called Strike
0-1: Called Strike
0-2: Ball
1-2: Ball
2-2: Strikes out swinging
Batting: LHB Phil Lomax 0-0: Called Strike
0-1: SINGLE (Groundball, 34D, EV 103.8 MPH)
Batting: RHB Dave Ruiz 0-0: Reached on error, E5 (Groundball, 5, EV 80.6 MPH)
Phil Lomax to second
Batting: RHB Jordan Torres 0-0: Ball
1-0: Fly out, F9 (Flyball, 9D, EV 81.9 MPH)
Bottom of the 7th over - 0 runs, 1 hit, 1 error, 2 left on base; San Jose 3 - Pensacola 4
TOP OF THE 8TH
San Jose Giants batting - Pitching for Pensacola Blue Wahoos : RHP Josh Pugh
Batting: RHB Cesar Martinez 0-0: Called Strike
0-1: Ground out 6-3 (Groundball, 6, EV 87.5 MPH)
Batting: RHB Zach Maguire 0-0: Called Strike
0-1: Ball
1-1: Ball
2-1: Ball
3-1: Foul Ball, location: 2F
3-2: Foul Ball, location: 2F
3-2: Base on Balls
Batting: RHB Coen Dirks 0-0: Ball
1-0: Ball
Balk!
Zach Maguire to second
2-0: Foul Ball, location: 2F
2-1: Swinging Strike
2-2: Strikes out swinging
Batting: RHB Bob Schweiger 0-0: Ball
1-0: Foul Ball, location: 2F
1-1: Called Strike
1-2: Strikes out swinging
Top of the 8th over - 0 runs, 0 hits, 0 errors, 1 left on base; San Jose 3 - Pensacola 4
BOTTOM OF THE 8TH
Pensacola Blue Wahoos batting - Pitching for San Jose Giants : LHP Jordan Ruiz
Pitching: RHP Nick McDade
Batting: RHB Sang-ton Pak 0-0: Ball
1-0: Foul Ball, location: 2F
1-1: Foul Ball, location: 2F
1-2: Foul Ball, location: 2F
1-2: Ball
2-2: Strikes out swinging
Batting: LHB Brian Snyder 0-0: Ball
1-0: Ball
2-0: Ball
3-0: Called Strike
3-1: Foul Ball, location: 2F
3-2: Base on Balls
Batting: RHB Joe Kooyers 0-0: Called Strike
0-1: Swinging Strike
0-2: Strikes out looking
Batting: RHB Matt Silva 0-0: Ball
1-0: Fielders Choice at 2nd, 5-4 (Groundball, 5, EV 98.1 MPH)
Bottom of the 8th over - 0 runs, 0 hits, 0 errors, 1 left on base; San Jose 3 - Pensacola 4
TOP OF THE 9TH
San Jose Giants batting - Pitching for Pensacola Blue Wahoos : RHP Josh Pugh
Pitching: LHP Gavrilo Brkic
Batting: RHB Ruben Irizarry 0-0: Swinging Strike
0-1: Foul Ball, location: 2F
0-2: Strikes out swinging
Batting: RHB Gary Sampson 0-0: Called Strike
0-1: Foul Ball, location: 2F
0-2: Ball
1-2: Fly out, F9 (Flyball, 89M, EV 90.0 MPH)
Batting: LHB Gil Caraveo 0-0: Ball
1-0: Fly out, F9 (Flyball, 89D, EV 95.6 MPH)
Top of the 9th over - 0 runs, 0 hits, 0 errors, 0 left on base; San Jose 3 - Pensacola 4
Tuesday, March 28th , 2023 - OOTP Baseball 23.10 Build 110